 Dungeon Crawl Stone Soup version 0.29.1-1-gd02db6906a (webtiles) character file.

Game seed: 16184422074734313930

116 vvl the Stinger (level 4, 0/32 HPs)
             Began as a Demonspawn Venom Mage on Sept 16, 2022.
             Slain by Grinder (5 damage)
             ... on level 3 of the Dungeon.
             The game lasted 00:04:29 (2419 turns).

vvl the Stinger (Demonspawn Venom Mage)             Turns: 2419, Time: 00:04:29

Health: 0/32       AC:  9    Str:  9    XL:     4   Next: 69%
Magic:  0/7        EV: 10    Int: 18    God:
Gold:   99         SH:  0    Dex: 13    Spells: 6/7 levels left

rFire   . . .      SeeInvis .   a - +0 mace
rCold   . . .      Faith    .   (no shield)
rNeg    . . .      Spirit   .   g - +0 ring mail
rPois   .          Reflect  .   (no helmet)
rElec   .          Harm     .   r - +0 cloak
rCorr   .          Rampage  .   (no gloves)
Will    +....                   (no boots)
Stlth   +.........              (no amulet)
HPRegen 0.10/turn               e - ring of willpower
MPRegen 0.10/turn               (no ring)

@: attractive, flying
A: molten scales 2, ignite blood 1
a: no special abilities


You were on level 3 of the Dungeon.
You visited 1 branch of the dungeon, and saw 3 of its levels.

You collected 99 gold pieces.

Inventory:

Hand Weapons
 a - a +0 mace (weapon)
Armour
 g - a +0 ring mail (worn)
 r - a +0 cloak (worn)
Jewellery
 e - a ring of willpower (left hand)
Wands
 q - a wand of digging (6)
Scrolls
 d - a scroll of teleportation {unknown}
 f - a scroll of enchant weapon {unknown}
 l - 3 scrolls of identify {unknown}
 m - 2 scrolls of poison {unknown}
 p - a scroll of vulnerability {unknown}
Potions
 b - a potion of magic
 c - 4 potions of curing
 i - a potion of haste {unknown}
 j - a potion of invisibility {unknown}
 k - a potion of berserk rage {unknown}
 n - 2 potions of flight
 o - a potion of resistance {unknown}


   Skills:
 + Level 1.3 Fighting
 + Level 1.1 Armour
 + Level 2.4 Dodging
 - Level 2.0 Stealth
 + Level 2.4 Spellcasting
 + Level 1.2 Conjurations
 + Level 1.6 Transmutations
 + Level 3.3 Poison Magic


You had 6 spell levels left.
You knew the following spells:

 Your Spells              Type           Power      Damage    Failure   Level
a - Sting                 Tmut/Pois      44%        1d5       17%         1

Your spell library contained the following spells:

 Spells                   Type           Power      Damage    Failure   Level
 Poisonous Vapours        Pois/Air       16%        N/A       36%         2
 Mephitic Cloud           Conj/Pois/Air  7%         N/A       58%         3
 Olgreb's Toxic Radiance  Pois           14%        N/A       75%         4
 Gell's Gravitas          Tloc           2%         N/A       82%         3
 Lesser Beckoning         Tloc           2%         N/A       82%         3
 Teleport Other           Tloc           2%         N/A       82%         3


Dungeon Overview and Level Annotations

Branches:
Dungeon (3/15)

Altars:

Annotations:
D:3 Grinder


Innate Abilities, Weirdness & Mutations

You are mostly covered in molten scales. (AC +3)
Your demonic aura sometimes causes spilled blood to erupt in flames.


Message History

The orc is almost dead.
The orc hits you with a +2 vorpal trident.
You closely miss the orc.
The orc is almost dead.
The orc misses you. The orc closely misses you.
You hit the orc.
You kill the orc!
You hit the orc.
You kill the orc!
Grinder is attracted toward you.
You closely miss Grinder.
Grinder is moderately wounded.
Grinder is engulfed in blazing flames.
Grinder barely misses you.
You hit Grinder but do no damage.
Grinder is heavily wounded.
Grinder is engulfed in blazing flames.
Grinder hits you.
You writhe in agony.
Casting: Sting (safe; 17% risk of failure)
Confirm with . or Enter, or press ? or * to list all spells.
Aiming: Sting (safe; 17% risk of failure)
Press: ? - help, Shift-Dir - straight line, f/p - Grinder
Aim: Grinder (severely wounded, 68% to hit)
The sting hits Grinder.
Grinder partially resists.
Grinder is poisoned.
Grinder is almost dead.
Grinder completely misses you.
Casting: Sting (safe; 17% risk of failure)
Confirm with . or Enter, or press ? or * to list all spells.
Aiming: Sting (safe; 17% risk of failure)
Press: ? - help, Shift-Dir - straight line, f/p - Grinder
Aim: Grinder (almost dead, poisoned, 68% to hit)
The sting misses Grinder.
Grinder hits you but does no damage.
Casting: Sting (safe; 17% risk of failure)
Confirm with . or Enter, or press ? or * to list all spells.
You don't have enough magic to cast this spell.
Unknown command.
You closely miss Grinder.
Grinder is almost dead.
Grinder hits you!
* * * LOW HITPOINT WARNING * * *
You writhe in agony.
You die...

o.........#
#$o)..# #
#.....#.##..
#.#........ #
#.###.####
#.........
#.....###
#########.#####
#.....@5)...#
#.#..####...#
#. #...# #
#...# #...#
#...# #...###
##.>..# #....#


You could see Grinder (poisoned).

Vanquished Creatures
  Natasha (thrice) (D:2)
  An adder (D:2)
  2 orcs (D:3)
  An endoplasm (D:1)
  3 goblins
  3 hobgoblins (D:1)
  4 jackals (D:1)
  A quokka (D:2)
  A ball python (D:1)
  3 frilled lizards
  5 kobolds
  6 rats
33 creatures vanquished.

Vanquished Creatures (others)
  2 fungi (D:3)
  2 plants (D:3)
4 creatures vanquished.

Grand Total: 37 creatures vanquished

Notes
Turn   | Place    | Note
-------+----------+-------------------------------------------
     0 | D:1      | vvl the Demonspawn Venom Mage began the quest for the Orb.
     0 | D:1      | Reached XP level 1. HP: 13/13 MP: 3/3
   277 | D:1      | Reached skill level 1 in Transmutations
   513 | D:1      | Gained mutation: You are partially covered in molten
                  | scales. (AC +2) [demonic ancestry]
   513 | D:1      | Reached XP level 2. HP: 15/19 MP: 0/5
  1448 | D:2      | Noticed Natasha
  1459 | D:2      | Killed Natasha
  1460 | D:2      | Gained mutation: Your demonic aura sometimes causes spilled
                  | blood to erupt in flames. [demonic ancestry]
  1460 | D:2      | Reached XP level 3. HP: 14/25 MP: 0/6
  1652 | D:2      | Noticed Natasha
  1660 | D:2      | Killed Natasha
  1661 | D:2      | Reached skill level 1 in Fighting
  1661 | D:2      | Reached skill level 1 in Conjurations
  1661 | D:2      | Gained mutation: You are mostly covered in molten scales.
                  | (AC +3) [demonic ancestry]
  1661 | D:2      | Reached XP level 4. HP: 32/32 MP: 0/7
  1846 | D:2      | Reached skill level 1 in Armour
  1986 | D:2      | Noticed Natasha
  1996 | D:2      | Killed Natasha
  2365 | D:3      | Noticed Grinder
  2397 | D:3      | Paralysed by Grinder for 2 turns
  2419 | D:3      | Slain by Grinder

Illustrated notes

Levels and vault maps discovered:
D:1:      minmay_arrival_loop, layout_loops_ring
D:2:      layout_loops_ring, kennysheep_generic_room_6, uniq_natasha
D:3:      layout_basic, nzn_wu_jian_contemplation,
          shapermc_ecumenical_altar_acropolis, uniq_grinder

Skill      XL: |  1  2  3  4 |
---------------+-------------+-----
Transmutations | 1 |  1.6
Dodging        | 2 |  2.4
Stealth        | 2 |  2.0
Fighting       | 1 |  1.3
Conjurations   | 1 |  1.2
Armour         | 1 |  1.1
Spellcasting   | |  2.4
Poison Magic   | |  3.3

Action                   |  1- 3 |  4- 6 || total
-------------------------+-------+-------++-------
Melee: Unarmed           |     4 |       ||     4
       Mace              |    31 |    29 ||    60
 Cast: Sting             |    30 |    18 ||    48
  Use: Potion            |       |     3 ||     3
 Stab: Sleeping          |     1 |       ||     1
Armor: Ring mail         |    20 |    16 ||    36
       Robe              |     1 |       ||     1
Dodge: Dodged            |    43 |    19 ||    62
